 Dungeon Sprint DCSS version 0.29.1-4-g47bece8355 (webtiles) character file.

Game seed: 16406694083737198707

23389 boopmooplesden the Executioner (level 12, -7/204 HPs)
             Began as a Minotaur Berserker on Dec 8, 2022.
             Was the Champion of Trog.
             Mangled by Kirke (9 damage)
             ... in the Dungeon (Sprint IX: "|||||||||||||||||||||||||||||").
             The game lasted 00:06:37 (3417 turns).

boopmooplesden the Executioner (Minotaur Berserker) Turns: 3417, Time: 00:06:38

Health: -7/204     AC: 22    Str: 30    XL:     12   Next: 71%
Magic:  11/11      EV: 14    Int:  4    God:    Trog [******]
Gold:   900        SH:  0    Dex: 13    Spells: 11/11 levels left

rFire   + + .      SeeInvis +   E - +9 lajatang (elec)
rCold   x . .      Faith    .   (shield currently unavailable)
rNeg    . . .      Spirit   .   H - +1 fire dragon scales
rPois   .          Reflect  .   G - +1 hat {SInv}
rElec   .          Harm     .   I - +1 cloak
rCorr   .          Rampage  .   u - +0 pair of gloves
Will    .....      NoTele   +   v - +0 pair of boots
Stlth   ..........              (no amulet)
HPRegen 0.44/turn               p - +3 ring of strength
MPRegen 0.12/turn               o - +3 ring of dexterity

@: berserking, very quick
A: horns 2, retaliatory headbutt
a: Renounce Religion, Berserk, Trog's Hand, Brothers in Arms


You were in the Dungeon.
You worshipped Trog.
Trog was exalted by your worship.
You visited 1 branch You collected 1472 gold pieces.
You spent 572 gold pieces at shops.

Inventory:

Hand Weapons
 a - a +0 hand axe
 i - a +2 vampiric hand axe
 l - a +3 broad axe of flaming
 s - a +1 glaive
 t - a +4 battleaxe of flaming
 w - a +6 lajatang
 x - a +4 executioner's axe of flaming
 z - a +5 vorpal battleaxe
 E - a +9 lajatang of electrocution (weapon)
Armour
 b - a +0 animal skin
 m - a +0 cloak
 n - a +1 chain mail
 u - a +0 pair of gloves (worn)
 v - a +0 pair of boots (worn)
 y - the +5 chain mail of Sunlight {rC+ rN+ Dex-2 SInv}
   (You bought it in a shop in the Dungeon)

   Dex:       It affects your dexterity (-2).
   rC:        It protects you from cold.
   rN:        It protects you from negative energy.
   SInv:      It lets you see invisible.
 F - +0 storm dragon scales
 G - a +1 hat of see invisible (worn)
 H - +1 fire dragon scales (worn)
 I - a +1 cloak (worn)
Jewellery
 o - a +3 ring of dexterity (right hand)
 p - a +3 ring of strength (left hand)
 A - a ring of protection from fire
 B - a ring of willpower
 C - a ring of ice
 D - a ring of ice
Wands
 k - a wand of iceblast (10)
Scrolls
 h - 3 scrolls of blinking
 q - 3 scrolls of identify
 r - 3 scrolls of fog
 J - 2 scrolls of enchant weapon
Potions
 c - 10 potions of curing
 d - 3 potions of heal wounds
 e - a potion of haste
 f - 4 potions of magic
 g - a potion of berserk rage
 j - a potion of invisibility


   Skills:
 + Level 21.0 Fighting
 + Level 21.0 Axes
 + Level 17.3 Staves
 + Level 18.0 Armour
 + Level 9.2 Dodging
 + Level 2.7 Stealth


You had 11 spell levels left.
You didn't know any spells.
Your spell library was empty.

Dungeon Overview and Level Annotations

Branches:
Dungeon (1/1)

Altars:
Cheibriados
Dithmenos
Elyvilon
Fedhas
Gozag
Hepliaklqana
Kikubaaqudgha
Makhleb
Nemelex Xobeh
Okawaru
Qazlal
Ru
Sif Muna
Trog
Uskayaw
Vehumet
Wu Jian
Xom
Yredelemnul
Zin
The Shining One
Jiyva
Lugonu

Shops:
D ![*:

Annotations:
D Kirke


Innate Abilities, Weirdness & Mutations

You have a pair of horns on your head.
You reflexively headbutt those who attack you in melee.


Message History

Rupert freezes you.
You slice Rupert!!
Rupert is moderately wounded.
Rupert hits you with a +4 battleaxe of freezing!
Rupert freezes you.
You hit Rupert.
Rupert is moderately wounded.
Rupert hits you with a +4 battleaxe of freezing!
Rupert freezes you!
You slash Rupert! Lightning courses through Rupert!
Rupert is heavily wounded.
Rupert hits you with a +4 battleaxe of freezing!!
Rupert freezes you!!
Unknown command.
A red film seems to cover your vision as you go berserk!
You feel yourself moving faster!
You feel mighty!
Rupert hits you with a +4 battleaxe of freezing!
* * * LOW HITPOINT WARNING * * *
Rupert freezes you!
* * * LOW HITPOINT WARNING * * *
You closely miss Rupert.
Rupert is heavily wounded.
Rupert hits you with a +4 battleaxe of freezing!
* * * LOW HITPOINT WARNING * * *
Rupert freezes you.
* * * LOW HITPOINT WARNING * * *
You slice Rupert!!
Rupert is severely wounded.
Rupert hits you with a +4 battleaxe of freezing!!
* * * LOW HITPOINT WARNING * * *
Rupert freezes you.
* * * LOW HITPOINT WARNING * * *
You cut Rupert into ribbons!!! You headbutt Rupert!
You kill Rupert!
Trog accepts your kill.
Your Fighting skill increases to level 21!
Your Staves skill increases to level 17!
Your Armour skill increases to level 18!
Kirke hits you!
You die...

▓▓▓▓▓▓▓▓▓▓▓▓▓
▓...@@hhHh...
▓.▓▓▓▓▓▓▓▓▓▓▓▓▓▓▓▓▓▓▓
▓.........'........))
▓▓▓▓▓▓▓▓▓▓▓▓▓▓▓▓▓▓▓▓▓
▓....................
▓.▓▓▓▓▓▓▓▓▓▓▓▓▓▓▓▓▓▓▓
▓.........'.....∩)∩.∩
▓▓▓▓▓▓▓▓▓▓▓▓▓▓▓▓▓▓▓▓▓
▓....................


You could see Kirke, a manticore (summoned) and 3 hogs.

Vanquished Creatures
  Rupert (D)
  2 ettins (D)
  A centaur warrior (D)
  Erica (D)
  2 boulder beetles (D)
  An orc high priest (D)
  A skeletal warrior (D)
  An orc knight (D)
  An ugly thing (D)
  3 cyclopes (D)
  2 orc sorcerers (D)
  2 manticores (D)
  8 elephants (D)
  Joseph (D)
  2 cane toads (D)
  3 black mambas (D)
  An efreet (D)
  4 komodo dragons (D)
  A polar bear (D)
  A slime creature (D)
  2 wraiths (D)
  A yak (D)
  A vampire (D)
  7 water moccasins (D)
  13 orc warriors (D)
  2 necrophages (D)
  A wight (D)
  2 killer bees (D)
  A hound (D)
  An orc priest (D)
  6 orc wizards (D)
  A dart slug (D)
  14 orcs (D)
  2 goblins (D)
  A quokka (D)
  A kobold (D)
  A rat (D)
96 creatures vanquished.

Vanquished Creatures (collateral kills)
  A very ugly thing (D)
  An ettin (D)
  A fire dragon (D)
  A deep troll earth mage (D)
  2 orc high priests (D)
  An orc knight (D)
  A necromancer (D)
8 creatures vanquished.

Grand Total: 104 creatures vanquished

Notes
Turn   | Place    | Note
-------+----------+-------------------------------------------
     0 | D        | boopmooplesden the Minotaur Berserker began the quest for
                  | the Orb.
     0 | D        | Reached XP level 1. HP: 19/19 MP: 0/0
     9 | D        | Reached ** piety under Trog
   115 | D        | Noticed a hound
   115 | D        | Noticed a necrophage
   115 | D        | Noticed a necrophage
   118 | D        | Killed a necrophage
   119 | D        | Reached XP level 2. HP: 31/31 MP: 1/1
   119 | D        | Reached XP level 3. HP: 38/38 MP: 2/2
   119 | D        | Reached *** piety under Trog
   127 | D        | Killed a necrophage
   128 | D        | Reached XP level 4. HP: 39/48 MP: 3/3
   131 | D        | Reached XP level 5. HP: 42/56 MP: 4/4
   136 | D        | Found a snail-covered altar of Cheibriados.
   136 | D        | Found a shadowy altar of Dithmenos.
   136 | D        | Found a white marble altar of Elyvilon.
   136 | D        | Found a blossoming altar of Fedhas.
   136 | D        | Found an opulent altar of Gozag.
   149 | D        | Found a hazy altar of Hepliaklqana.
   150 | D        | Found a viscous altar of Jiyva.
   151 | D        | Found an ancient bone altar of Kikubaaqudgha.
   152 | D        | Found a corrupted altar of Lugonu.
   153 | D        | Found a burning altar of Makhleb.
   154 | D        | Found a sparkling altar of Nemelex Xobeh.
   155 | D        | Found an iron altar of Okawaru.
   156 | D        | Found a stormy altar of Qazlal.
   157 | D        | Found a sacrificial altar of Ru.
   158 | D        | Found a shimmering blue altar of Sif Muna.
   159 | D        | Found a bloodstained altar of Trog.
   160 | D        | Found a hide-covered altar of Uskayaw.
   161 | D        | Found a radiant altar of Vehumet.
   162 | D        | Found an ornate altar of the Wu Jian Council.
   163 | D        | Found a shimmering altar of Xom.
   164 | D        | Found a basalt altar of Yredelemnul.
   165 | D        | Found a glowing silver altar of Zin.
   166 | D        | Found a glowing golden altar of the Shining One.
   277 | D        | Noticed a wraith
   277 | D        | Noticed a vampire
   284 | D        | Killed a vampire
   284 | D        | Reached **** piety under Trog
   285 | D        | Reached skill level 10 in Fighting
   285 | D        | Reached skill level 10 in Axes
   285 | D        | Reached skill level 5 in Armour
   285 | D        | Reached skill level 5 in Dodging
   285 | D        | Reached XP level 6. HP: 48/66 MP: 5/5
   298 | D        | Killed a wraith
   298 | D        | Reached ***** piety under Trog
   299 | D        | Reached XP level 7. HP: 11/75 MP: 6/6
   614 | D        | Noticed a wraith
   614 | D        | Noticed a boulder beetle
   614 | D        | Noticed a manticore
   614 | D        | Noticed a cyclops
   614 | D        | Noticed a skeletal warrior
   620 | D        | Killed a skeletal warrior
   621 | D        | Reached XP level 8. HP: 86/86 MP: 7/7
   623 | D        | Killed a cyclops
   626 | D        | Killed a manticore
   627 | D        | Reached skill level 15 in Axes
   627 | D        | Reached skill level 10 in Armour
   638 | D        | Killed a boulder beetle
   639 | D        | Reached skill level 15 in Fighting
   639 | D        | Reached XP level 9. HP: 49/97 MP: 8/8
   643 | D        | Reached skill level 1 in Stealth
   983 | D        | Noticed a cane toad
   983 | D        | Noticed a komodo dragon
   983 | D        | Noticed a komodo dragon
   983 | D        | Noticed a polar bear
   987 | D        | Killed a polar bear
   989 | D        | Killed a komodo dragon
   991 | D        | Killed a komodo dragon
   991 | D        | Reached ****** piety under Trog
   991 | D        | Received a gift from Trog
   994 | D        | Killed a cane toad
  1000 | D        | Reached XP level 10. HP: 108/108 MP: 9/9
  1179 | D        | Noticed a black mamba
  1179 | D        | Noticed a black mamba
  1179 | D        | Noticed a cane toad
  1186 | D        | Noticed a black mamba
  1187 | D        | Killed a cane toad
  1187 | D        | Received a gift from Trog
  1191 | D        | Killed a black mamba
  1194 | D        | Killed a black mamba
  1205 | D        | Killed a black mamba
  1479 | D        | Noticed an elephant
  1479 | D        | Noticed an elephant
  1479 | D        | Noticed an elephant
  1479 | D        | Noticed an elephant
  1479 | D        | Noticed an elephant
  1479 | D        | Noticed an elephant
  1483 | D        | Killed an elephant
  1484 | D        | Noticed an elephant
  1484 | D        | Noticed an elephant
  1487 | D        | Killed an elephant
  1489 | D        | Killed an elephant
  1489 | D        | Received a gift from Trog
  1492 | D        | Killed an elephant
  1493 | D        | Reached skill level 15 in Armour
  1493 | D        | Reached XP level 11. HP: 118/118 MP: 10/10
  1853 | D        | Received a gift from Trog
  1868 | D        | Received a gift from Trog
  1955 | D        | Noticed an orc knight
  1961 | D        | Killed an orc knight
  1963 | D        | Reached skill level 1 in Staves
  1971 | D        | Received a gift from Trog
  1994 | D        | Received a gift from Trog
  2361 | D        | Found Tojaecko's Book Boutique.
  2361 | D        | Noticed an orc high priest
  2361 | D        | Noticed an orc sorcerer
  2361 | D        | Noticed an orc sorcerer
  2367 | D        | Paralysed by an orc sorcerer for 3 turns
  2371 | D        | Killed an orc sorcerer
  2372 | D        | Reached skill level 5 in Staves
  2372 | D        | Found Raamef's General Store.
  2374 | D        | Killed an orc sorcerer
  2379 | D        | Killed an orc high priest
  2379 | D        | Received a gift from Trog
  2386 | D        | Found Ibbaula's Armour Boutique.
  2400 | D        | Found Lixiuw's Distillery.
  2404 | D        | Noticed an orc knight
  2405 | D        | Noticed an orc high priest
  2405 | D        | Noticed an orc high priest
  2419 | D        | Killed an orc knight
  2425 | D        | Killed an orc high priest
  2427 | D        | Killed an orc high priest
  2428 | D        | Reached skill level 10 in Staves
  2439 | D        | Bought the +5 chain mail of Sunlight {rC+ rN+ Dex-2 SInv}
                  | for 572 gold pieces
  2838 | D        | Noticed Joseph
  2849 | D        | Killed Joseph
  2849 | D        | Received a gift from Trog
  2881 | D        | Noticed Erica
  2888 | D        | Killed Erica
  3129 | D        | Noticed a centaur warrior
  3129 | D        | Noticed a purple ugly thing
  3134 | D        | Noticed a boulder beetle
  3136 | D        | Killed a purple ugly thing
  3137 | D        | Reached XP level 12. HP: 132/132 MP: 11/11
  3140 | D        | Killed a centaur warrior
  3141 | D        | Noticed an ettin
  3146 | D        | Noticed a green very ugly thing
  3149 | D        | Noticed a fire dragon
  3150 | D        | Received a gift from Trog
  3151 | D        | Noticed a deep troll earth mage
  3156 | D        | Killed a boulder beetle
  3162 | D        | Killed an ettin
  3164 | D        | Killed a green very ugly thing
  3165 | D        | Reached skill level 15 in Staves
  3165 | D        | Received a gift from Trog
  3166 | D        | Noticed an ettin
  3169 | D        | Noticed an ettin
  3169 | D        | Killed a fire dragon
  3170 | D        | Killed a deep troll earth mage
  3176 | D        | Killed an ettin
  3179 | D        | Killed an ettin
  3397 | D        | Noticed Rupert
  3402 | D        | Noticed Kirke
  3415 | D        | HP: 7/201 [Rupert/+4 battleaxe of freezing (23)]
  3415 | D        | HP: 1/201 [Rupert/+4 battleaxe of freezing (6)]
  3416 | D        | Killed Rupert
  3417 | D        | Mangled by Kirke

Illustrated notes

Levels and vault maps discovered:
D:        linesprint [early_d, line_temple, items_1, d_10, items_2, lair_1,
          lair_end, items_3, orc_1, orc_end, items_4, d_15, swamp_1, shoals_1,
          snake_1, spider_1, d_20, vaults_1, items_5, swamp_end, shoals_end,
          snake_end, spider_end, vaults_end, d_27, items_6, zot_1, zot_end,
          crypt_end, forest_end, elf_end, slime_end, tomb_end, abyss_end,
          pan_hell_end]

Skill      XL: |  1  2  3  4  5  6  7  8  9 10 11 12 |
---------------+-------------------------------------+-----
Fighting       | 6 8 10 11 13 15 16 17 19 21 | 21.0
Axes           | 6 8 10 12 13 15 17 19 21 | 21.0
Armour         | 3 4 5 6 8 10 12 15 16 18 | 18.0
Dodging        | 3 4 5 6 7 8 9 |  9.2
Stealth        | 1 2 |  2.7
Staves         | 12 17 | 17.3

Action                   |  1- 3 |  4- 6 |  7- 9 | 10-12 || total
-------------------------+-------+-------+-------+-------++-------
Melee: Hand axe          |    17 |     3 |       |       ||    20
       Headbutt          |     5 |     4 |    12 |    27 ||    48
       Broad axe         |       |    14 |    40 |    53 ||   107
       Punch             |       |       |     1 |     2 ||     3
       Lajatang          |       |       |       |   106 ||   106
       Battleaxe         |       |       |       |    26 ||    26
Invok: Berserk           |     1 |     1 |     2 |     6 ||    10
       Trog's Hand       |       |       |       |     2 ||     2
       Brothers in Arms  |       |       |       |     2 ||     2
  Use: Scroll            |       |       |     2 |     2 ||     4
       Potion            |       |       |       |     2 ||     2
Armor: Chain mail        |       |     7 |     9 |    35 ||    51
       Fire dragon scale |       |       |       |    12 ||    12
Dodge: Dodged            |     2 |    10 |     6 |    91 ||   109
